 Dungeon Crawl Stone Soup version 0.23.1-37-gaa34b87 (webtiles) character file.

Game seed: 358705641585949254

1003 Oxytripsticks the Cleaver (level 8, -4/70 HPs)
             Began as a Minotaur Berserker on Mar 21, 2019.
             Was a Believer of Trog.
             Slain by an orc warrior
             ... wielding a +0 glaive
              (14 damage)
             ... on level 5 of the Dungeon.
             The game lasted 00:14:28 (4053 turns).

Oxytripsticks the Cleaver (Minotaur Berserker)      Turns: 4053, Time: 00:14:29

Health: -4/70      AC:  9    Str: 23    XL:     8   Next: 0%
Magic:  7/7        EV: 10    Int:  4    God:    Trog [**....]
Gold:   332        SH:  0    Dex: 17    Spells: 7/7 levels left

rFire    . . .     SeeInvis .   a - +0 hand axe
rCold    . . .     Gourm    .   (no shield)
rNeg     + . .     Faith    .   o - +0 chain mail
rPois    .         Spirit   .   (helmet restricted)
rElec    .         Reflect  .   d - scarf {repulsion}
rCorr    .         Harm     .   (no gloves)
MR       ++...                  (no boots)
Stlth    ..........             (no amulet)
HPRegen  1.21/turn              e - ring of positive energy
MPRegen  0.10/turn              g - +6 ring of dexterity

@: regenerating, repel missiles
A: retaliatory headbutt, horns 2
a: Berserk, Trog's Hand, Renounce Religion


You were on level 5 of the Dungeon.
You worshipped Trog.
Trog was pleased with you.
You were near starving.

You visited 2 branches of the dungeon, and saw 6 of its levels.

You collected 332 gold pieces.

Inventory:

Hand Weapons
 a - a +0 hand axe (weapon)
Armour
 d - a scarf of repulsion (worn)
 i - a +0 cloak
 l - a +0 ring mail
 o - a +0 chain mail (worn)
Jewellery
 e - a ring of positive energy (left hand)
 g - a +6 ring of dexterity (right hand)
 x - a cursed ring of attention {unknown}
Wands
 t - a wand of random effects (21)
Scrolls
 h - 2 scrolls of teleportation {unknown}
 n - 3 scrolls of remove curse {unknown}
 p - 2 scrolls of noise {unknown}
 q - a scroll of fog {unknown}
 r - a scroll of amnesia {unknown}
 s - 2 scrolls of identify
 v - a scroll of magic mapping {unknown}
 w - a scroll of enchant armour {unknown}
Potions
 b - a potion of haste
 j - 2 potions of mutation
 k - a potion of ambrosia
 m - 3 potions of curing
 u - a potion of resistance {unknown}
Comestibles
 c - 14 rations


   Skills:
 + Level 6.1 Fighting
 + Level 8.3 Axes
 + Level 5.3 Armour
 + Level 3.8 Dodging
 + Level 1.6 Stealth


You had 7 spell levels left.
You didn't know any spells.
Your spell library was empty.

Dungeon Overview and Level Annotations

Branches:
Dungeon (5/15)             Temple (1/1) D:4

Altars:
Cheibriados
Elyvilon
Fedhas
Hepliaklqana
Kikubaaqudgha
Nemelex Xobeh
Okawaru
Qazlal
Sif Muna
Trog
Uskayaw
Vehumet
Xom
Yredelemnul
Zin
The Shining One

Shops:
D:4 %   D:5 (

Annotations:
D:5 exclusion: statue


Innate Abilities, Weirdness & Mutations

You reflexively headbutt those who attack you in melee.
You have a pair of horns on your head.


Message History

The orc warrior hits you but does no damage.
You hit the orc warrior but do no damage.
Your headbutt misses the orc warrior.
You hit the orc warrior but do no damage.
You headbutt the orc warrior.
The orc warrior is lightly wounded.
The orc warrior completely misses you.
You closely miss the orc warrior. You headbutt the orc warrior!
The orc warrior is moderately wounded.
You recover from your berserk rage.
The orc warrior hits you with a +0 glaive!!
* * * LOW HITPOINT WARNING * * *
You slash the orc warrior!
You headbutt the orc warrior, but do no damage.
The orc warrior is severely wounded.
You hit the orc warrior.
The orc warrior is severely wounded.
The orc warrior barely misses you.
The orc warrior hits you from afar with a +0 glaive!
You die...

####.# ##.. #.# ###..
#.#####.... #..........
#####....## ### #......
###.####......
########...#.##.....#
#oo)@.........#.....#
##o######......#......
##)o.#####.............
#8o..8##......#........
#..o..###...####......#
#.....o.#......#........
#.8...8.#.#.............
#.o.....##..............
#.......#...............


You could see an orc warrior and 2 orcs.

Vanquished Creatures
  4 ogres
  A phantom (D:5)
  A scorpion (D:4)
  A crimson imp (D:5)
  A jelly (D:5)
  2 orc priests (D:4)
  An orc wizard (D:5)
  A bullfrog skeleton (D:4)
  Jessica (D:2)
  2 worker ants
  An iguana (D:4)
  8 gnolls
  6 adders
  An adder zombie (D:5)
  5 worms
  2 dart slugs
  2 leopard geckos
  14 orcs
  5 bats
  7 giant cockroaches
  8 goblins
  10 hobgoblins
  3 jackals
  5 kobolds
  3 quokkas
  A ball python (D:3)
  2 frilled lizards
  2 quokka skeletons (D:4)
  10 rats
110 creatures vanquished.

Vanquished Creatures (others)
  A rat (D:2)
1 creature vanquished.

Grand Total: 111 creatures vanquished

Notes
Turn   | Place    | Note
-------+----------+-------------------------------------------
     0 | D:1      | Oxytripsticks the Minotaur Berserker began the quest for
                  | the Orb.
     0 | D:1      | Reached XP level 1. HP: 19/19 MP: 0/0
   251 | D:1      | Reached XP level 2. HP: 19/27 MP: 1/1
   270 | D:1      | Reached skill level 4 in Axes
   880 | D:2      | Noticed an ogre
   897 | D:2      | HP: 2/40 [ogre/+0 giant club (9)]
   899 | D:2      | Killed an ogre
   899 | D:2      | Reached skill level 5 in Axes
   899 | D:2      | Reached XP level 3. HP: 3/34 MP: 2/2
   899 | D:2      | Reached XP level 4. HP: 4/41 MP: 3/3
  1333 | D:2      | Reached ** piety under Trog
  1333 | D:2      | Reached XP level 5. HP: 42/47 MP: 4/4
  1493 | D:2      | Found a white marble altar of Elyvilon.
  1510 | D:2      | Noticed Jessica
  1515 | D:2      | Killed Jessica
  1562 | D:2      | Found a sparkling altar of Nemelex Xobeh.
  1667 | D:2      | Noticed a moth of wrath
  1669 | D:2      | Found a bloodstained altar of Trog.
  1680 | D:2      | Reached skill level 1 in Stealth
  2202 | D:3      | Found a shimmering altar of Xom.
  2311 | D:3      | Found an ancient bone altar of Kikubaaqudgha.
  2407 | D:4      | Reached skill level 5 in Fighting
  2407 | D:4      | Reached skill level 6 in Axes
  2407 | D:4      | Reached XP level 6. HP: 56/56 MP: 5/5
  2660 | D:5      | Entered Level 5 of the Dungeon
  2912 | D:4      | Found a staircase to the Ecumenical Temple.
  2924 | Temple   | Entered the Ecumenical Temple
  3298 | D:4      | Reached XP level 7. HP: 61/61 MP: 6/6
  3356 | D:4      | Found Veovvit's Food Emporium.
  3372 | D:4      | Reached skill level 7 in Axes
  3543 | D:5      | Found Ninogy's Antique Weapon Shoppe.
  3575 | D:5      | Found a deep blue altar of Sif Muna.
  3692 | D:5      | Reached skill level 8 in Axes
  3697 | D:5      | Reached skill level 5 in Armour
  3980 | D:5      | Found a radiant altar of Vehumet.
  4010 | D:5      | Found a runed translucent door.
  4045 | D:5      | Reached XP level 8. HP: 47/70 MP: 7/7
  4053 | D:5      | Slain by an orc warrior

Skill      XL: |  1  2  3  4  5  6  7 |
---------------+----------------------+-----
Axes           | 5 6 8 |  8.3
Fighting       | 4 5 6 |  6.1
Armour         | 3 4 5 |  5.3
Dodging        | 3 |  3.8
Stealth        | 1 |  1.6

Action                   |  1- 3 |  4- 6 |  7- 9 || total
-------------------------+-------+-------+-------++-------
Melee: Hand axe          |    38 |   129 |    77 ||   244
       Headbutt          |     6 |    30 |    23 ||    59
Invok: Berserk           |     2 |     3 |     3 ||     8
       Trog's Hand       |       |     6 |     5 ||    11
  Use: Scroll            |       |       |     4 ||     4
 Stab: Distracted        |     1 |       |       ||     1
       Sleeping          |     1 |     1 |       ||     2
  Eat: Chunk             |     1 |    13 |     5 ||    19
Armor: Ring mail         |     2 |    19 |       ||    21
       Animal skin       |     2 |       |       ||     2
       Chain mail        |       |    43 |    21 ||    64
Dodge: Dodged            |    23 |    68 |    57 ||   148
       Deflected         |       |       |     5 ||     5
